Map: Deathaura LE

Players

Kelazhur - Winner!

  • Race: Terran Terran
  • League: Master
  • Spawn Location: 5:00

Erik

  • Race: Zerg Zerg
  • Spawn Location: 11:00

Event: DreamHack SC2 Masters 2020 Summer Latin America

VOD

Have the link to the VOD?

Description

Time

  • Played on: June 24, 2020, 3:22 p.m.
  • Length: 10:22

All games in this series

Show
View Real Time Build Order
Export as new Build Order

Kelazhur Terran - Winner!

Build Orders:  

Get SALT Encoding   

  12  0:00  SCV  
  13  0:13  SCV  
  14  0:18  Supply Depot  
  14  0:25  SCV  
  15  0:40  SCV  
  15  0:41  Barracks  
  16  0:44  Refinery  
  16  0:52  SCV  
  17  0:58  Barracks  
  17  1:04  SCV  
  18  1:16  SCV  
  19  1:18  Barracks  
  19  1:28  Reaper  
  19  1:30  Refinery  
  20  1:41  Orbital Command  
  20  1:46  Reaper  
  21  1:52  Supply Depot  
  21  2:00  Reaper  
  22  2:09  Reaper  
  22  2:14  SCV  
  24  2:17  Supply Depot  
  24  2:18  Reaper  
  25  2:26  SCV  
  26  2:32  Reaper  
  27  2:38  SCV  
  27  2:41  Reaper  
  29  2:50  Reaper, SCV  
  31  2:56  Supply Depot  
  31  3:02  SCV  
  31  3:04  Reaper  
  33  3:15  Reaper  
  33  3:16  SCV  
  33  3:19  Command Center  
  35  3:24  Reaper  
  36  3:28  SCV  
  37  3:36  Reaper  
  38  3:43  SCV  
  38  3:47  Reaper  
  39  3:55  SCV  
  40  3:56  Reaper  
  39  4:11  Reaper, SCV  
  39  4:15  Command Center  
  41  4:21  Reaper  
  41  4:23  SCV  
  43  4:35  Orbital Command, SCV  
  43  4:37  Reaper  
  45  4:43  Reaper  
  46  4:47  SCV  
  47  4:53  Barracks Tech Lab  
  47  4:59  SCV  
  44  5:08  SCV  
  44  5:11  Engineering Bay, SCV  
  44  5:14  Engineering Bay  
  44  5:16  Refinery  
  44  5:17  Refinery  
  44  5:20  Marine x2, SCV  
  44  5:21  Marine  
  48  5:27  SCV  
  49  5:31  Stimpack  
  49  5:32  Orbital Command  
  49  5:33  SCV  
  50  5:38  Terran Infantry Weapons Level 1  
  50  5:39  SCV  
  51  5:42  Barracks Reactor  
  51  5:43  Marine, Barracks Reactor  
  51  5:44  Terran Infantry Armor Level 1  
  51  5:45  SCV  
  51  5:48  Barracks  
  53  5:50  Barracks  
  53  5:51  SCV  
  54  5:57  Factory, SCV  
  54  5:58  SCV  
  54  6:01  Marine  
  54  6:03  SCV  
  58  6:08  Supply Depot  
  58  6:09  SCV  
  58  6:10  SCV  
  60  6:15  SCV  
  61  6:19  Marauder, Marine x3  
  61  6:20  Marine  
  61  6:22  SCV  
  61  6:23  SCV  
  69  6:27  SCV  
  69  6:32  Supply Depot x2  
  70  6:34  SCV  
  70  6:35  SCV  
  70  6:37  Marine x3  
  70  6:38  Marine  
  76  6:41  Marauder  
  76  6:43  Starport, Armory  
  76  6:44  Factory Reactor, Barracks Tech Lab x2  
  78  6:51  SCV  
  78  6:53  Barracks Reactor x2  
  78  6:54  Orbital Command  
  78  6:55  Marine x3  
  78  6:56  Marine  
  78  7:01  SCV  
  84  7:02  Marauder  
  84  7:05  SCV  
  84  7:06  Supply Depot  
  86  7:11  Combat Shield  
  86  7:13  Missile Turret  
  86  7:16  SCV  
  86  7:17  SCV, Missile Turret  
  86  7:21  Missile Turret  
  88  7:24  Marine x5  
  88  7:27  Missile Turret  
  88  7:29  Medivac  
  64  7:30  SCV, Medivac  
  95  7:31  SCV x2  
  99  7:37  Marine  
  99  7:38  Marine x3  
  99  7:42  Terran Infantry Weapons Level 2, Marine  
  99  7:43  SCV  
  100  7:47  SCV x2  
  100  7:50  Marine x4  
  104  8:01  Marine x2  
  104  8:03  Terran Infantry Armor Level 2  
  102  8:05  SCV x2  
  102  8:06  SCV  
  102  8:07  Medivac x2  
  102  8:08  Factory Tech Lab  
  102  8:11  Factory Reactor  
  102  8:12  Marauder  
  109  8:18  Supply Depot, Marine x5, SCV  
  109  8:19  Supply Depot  
  112  8:30  Marine  
  112  8:31  Marine x2  
  112  8:33  Marine  
  116  8:36  Marine  
  116  8:39  Marine x4, Medivac x2  
  125  8:45  Supply Depot  
  125  8:47  Supply Depot  
  125  8:48  Marine, SCV x3  
  127  8:50  Command Center  
  129  8:56  Marine  
  129  8:57  Marauder  
  129  8:58  Marine  
  133  9:03  Supply Depot x2  
  133  9:06  Marine x2  
  133  9:07  Widow Mine x2  
  139  9:11  Medivac x2  
  143  9:21  Marauder, Marine x4  
  143  9:22  Concussive Shells  
  149  9:24  Marine x3  
  149  9:26  Supply Depot  
  149  9:27  Supply Depot  
  152  9:33  Supply Depot  
  152  9:42  Medivac x2  
  152  9:43  Marauder, Marine x8  
  155  10:01  Marine x2  
  155  10:02  Marine x6  
  155  10:16  Factory Tech Lab  
Show
View Real Time Build Order
Export as new Build Order

Erik Zerg 

Build Orders: Hatch First 

Get SALT Encoding   

  12  0:01  Drone  
  13  0:08  Drone  
  14  0:15  Drone, Extractor  
  15  0:36  Hatchery  
  15  0:42  Drone, Extractor  
  14  0:48  Overlord  
  15  1:03  Spawning Pool  
  14  1:07  Drone  
  14  1:10  Drone  
  16  1:13  Drone  
  16  1:18  Drone  
  18  1:21  Extractor  
  17  1:29  Drone  
  18  1:39  Drone  
  19  1:49  Queen x2  
  19  1:50  Zergling x2  
  24  1:59  Roach Warren  
  24  2:01  Drone  
  24  2:05  Drone  
  25  2:11  Overlord  
  25  2:15  Drone  
  26  2:18  Drone  
  27  2:24  Drone  
  28  2:33  Overlord  
  28  2:40  Roach x2  
  32  2:46  Roach x2  
  36  2:53  Drone  
  37  3:03  Drone  
  37  3:04  Drone x5  
  37  3:05  Drone  
  43  3:16  Overlord  
  43  3:19  Overlord  
  43  3:34  Queen  
  43  3:38  Roach x4  
  51  3:42  Drone x3  
  50  3:49  Roach x2  
  53  4:00  Drone x2  
  51  4:04  Drone  
  51  4:07  Ravager  
  53  4:12  Drone  
  53  4:14  Queen  
  56  4:20  Extractor  
  56  4:21  Extractor  
  56  4:22  Overlord  
  54  4:26  Lair, Extractor  
  54  4:27  Drone x2  
  55  4:38  Roach  
  57  4:47  Drone x3  
  57  4:50  Queen  
  60  4:53  Drone x5  
  54  5:07  Roach x2  
  49  5:16  Roach x5  
  55  5:26  Queen  
  55  5:34  Queen, Spire  
  55  5:35  Drone x3  
  57  5:38  Drone  
  60  5:42  Drone x2  
  60  5:43  Drone  
  60  5:49  Roach x2  
  65  6:00  Overlord  
  65  6:01  Overlord  
  65  6:06  Queen  
  65  6:08  Overlord  
  67  6:13  Overlord  
  67  6:14  Drone  
  67  6:17  Overlord  
  68  6:45  Mutalisk  
  68  6:46  Mutalisk x6  
  82  6:53  Drone x5  
  87  7:04  Drone  
  87  7:05  Drone x4  
  92  7:20  Hatchery  
  92  7:21  Baneling Nest  
  90  7:28  Evolution Chamber  
  89  7:31  Evolution Chamber, Mutalisk  
  89  7:32  Mutalisk x2  
  92  7:46  Zergling x16  
  96  7:55  Glial Reconstitution  
  92  8:03  Roach  
  92  8:04  Roach x4  
  98  8:08  Roach x4  
  106  8:32  Roach x4  
  110  8:36  Roach x2  
  110  8:38  Overlord x2  
  114  8:47  Overlord x3  
  114  8:58  Roach  
  114  8:59  Roach x2  
  120  9:04  Overlord  
  120  9:07  Roach x4  
  128  9:14  Roach x2  
  132  9:27  Ravager  
  132  9:28  Ravager x7  
  132  9:29  Ravager  
  141  9:35  Roach x2  
  145  9:46  Overlord x2  
  115  10:01  Overlord  
Tags
 
Add a new tag
Caveats
  • Supply blocks, unpowered buildings, or Contaminate may cause inaccurate times.
  • Supply counts are checked every 10 seconds.